 Dungeon Crawl Stone Soup version 0.31.0-32-g396128a36d (webtiles) character file.

Game seed: 9797331021448343530

15512 DemonSlayer the Covert (level 12, -20/86 HPs)
             Began as a Demonspawn Earth Elementalist on Apr 13, 2024.
             Was a Priest of Dithmenos.
             Demolished by Rupert
             ... wielding a +2 great sword of holy wrath
              (35 damage)
             ... on level 3 of the Lair of Beasts.
             The game lasted 00:27:58 (12975 turns).

DemonSlayer the Covert (DsEE)                      Turns: 12975, Time: 00:27:58

Health: -20/86     AC:  8    Str:  9    XL:     12   Next: 1%
Magic:  25/25      EV: 14    Int: 22    God:    Dithmenos [***...]
Gold:   1050       SH:  0    Dex: 24    Spells: 15/30 levels left

rFire   . . .        v - +5 short sword (freeze)
rCold   . . .        (no shield)
rNeg    . . .        l - +0 troll leather armour
rPois   .            (no helmet)
rElec   .            n - +0 cloak
rCorr   .            (no gloves)
SInv    .            g - +0 pair of boots
Will    .....        (no amulet)
Stlth   +++++++      q - +6 ring of dexterity
HPRegen 1.14/turn    y - +6 ring of intelligence
MPRegen 0.19/turn

%: no passive effects
@: hasted, wreathed by umbra, very quick
A: hooves 1, rugged brown scales 3, ignite blood 1, demonic magic 3
a: Renounce Religion, Shadow Step


You were on level 3 of the Lair of Beasts.
You worshipped Dithmenos.
Dithmenos was most pleased with you.
You visited 3 branches of the dungeon, and saw 14 of its levels.

You collected 1050 gold pieces.

Inventory:

Hand Weapons
 v - a +5 short sword of freezing (weapon)
Armour
 g - a +0 pair of boots (worn)
 l - a +0 troll leather armour (worn)
 n - a +0 cloak (worn)
Jewellery
 q - a +6 ring of dexterity (left hand)
 y - a +6 ring of intelligence (right hand)
Wands
 t - a wand of paralysis (12)
 x - a wand of flame (18)
 A - a wand of polymorph (9)
 D - a wand of iceblast (6)
 E - a wand of mindburst (6)
Scrolls
 a - a scroll of identify
 f - a scroll of torment
 i - 2 scrolls of teleportation
 k - 4 scrolls of amnesia
 m - 2 scrolls of immolation
 p - a scroll of enchant weapon {unknown}
 z - 2 scrolls of fear
 B - a scroll of poison
Potions
 b - a potion of attraction {unknown}
 c - 2 potions of mutation
 e - 6 potions of curing
 h - a potion of ambrosia
 j - 2 potions of heal wounds
 o - a potion of brilliance
 r - a potion of resistance {unknown}
 s - a potion of lignification
 u - a potion of invisibility {unknown}
 C - a potion of enlightenment {unknown}


   Skills:
 + Level 3.0 Fighting
 + Level 4.3 Short Blades
 + Level 0.6 Throwing
 + Level 2.6 Armour
 + Level 4.4 Dodging
 + Level 10.2 Stealth
 + Level 9.8 Spellcasting
 + Level 6.0 Conjurations
 + Level 8.7 Earth Magic
 + Level 0.8 Evocations


You had 15 spell levels left.
You knew the following spells:

 Your Spells              Type           Power      Damage    Failure   Level
a - Sandblast             Erth           98%        2d20      1%          1
b - Stone Arrow           Conj/Erth      86%        3d12      1%          3
c - Petrify               Alch/Erth      30%        N/A       14%         4
d - Passwall              Erth           49%        N/A       1%          3
e - Brom's Barrelling Bo  Conj/Erth      43%        2d6       4%          4

Your spell library contained the following spells:

 Spells                   Type           Power      Damage    Failure   Level
 Sting                    Conj/Alch      92%        1d8       2%          1
 Slow                     Hex            40%        N/A       9%          1
 Mercury Vapours          Alch/Air       20%        N/A       13%         2
 Confusing Touch          Hex            10%        N/A       26%         3
 Gell's Gravitas          Tloc           10%        N/A       26%         3
 Sigil of Binding         Hex            10%        N/A       26%         3
 Teleport Other           Tloc           10%        N/A       26%         3
 Vampiric Draining        Necr           10%        2d6       26%         3
 Anguish                  Hex/Necr       5%         N/A       63%         4
 Cause Fear               Hex            5%         N/A       63%         4
 Olgreb's Toxic Radiance  Alch           10%        N/A       63%         4
 Dispersal                Tloc           5%         N/A       100%        6
 Enfeeble                 Hex            5%         N/A       100%        7


Dungeon Overview and Level Annotations

Branches:
Dungeon (10/15)            Temple (1/1) D:7            Lair (3/5) D:10
  Swamp (0/4) Lair:2        Snake (0/4) Lair:2          Orc (0/2) D:10

Altars:
Ashenzari
Cheibriados
Dithmenos
Fedhas
Gozag
Hepliaklqana
Kikubaaqudgha
Makhleb
Nemelex Xobeh
Okawaru
Qazlal
Ru
Sif Muna
Trog
Uskayaw
Vehumet
Wu Jian
Xom
Yredelemnul

Shops:
D:6 :

Annotations:
Lair:3 Rupert


Innate Abilities, Weirdness & Mutations

You have large cloven feet.
You are completely covered in rugged brown scales. (AC +3, +7% HP)
Your demonic aura sometimes causes spilled blood to erupt in flames.
Spells you cast and wands you use may paralyse nearby enemies.


Message History

Dithmenos accepts your kill. Malevolent energies surge around you.
Your Conjurations skill increases to level 6!
Rupert shouts!
Rupert resists with almost no effort.
Malevolent energies surge around you.
The mass of ice explodes!
The iceblast engulfs Rupert!!
Rupert is lightly wounded.
Malevolent energies surge around you.
You hear a roar!
You hear a shout!
The mass of ice explodes!
The iceblast engulfs Rupert!!
Rupert is moderately wounded.
Malevolent energies surge around you.
Sweat drips down Rupert's chest.
You throw a throwing net. The throwing net barely misses Rupert.
A seven-headed hydra comes into view.
Rupert roars wildly at you.
You are confused.
Unknown command.
You bump into the rock wall.
Rupert hits you with a +2 great sword of holy wrath!!
You convulse!!
You are too confused!
You feel yourself speed up.
Rupert hits you with a +2 great sword of holy wrath!
* * * LOW HITPOINT WARNING * * *
You convulse!
* * * LOW HITPOINT WARNING * * *
Rupert roars madly and goes into a rage!
Rupert goes berserk!
There is an open door here.
You're too confused to move!
You feel less confused.
Rupert rages.
There is an open door here.
Rupert attacks as he pursues you! Rupert misses you.
Rupert attacks as he pursues you! Rupert barely misses you.
Rupert attacks as he pursues you!
Rupert hits you with a +2 great sword of holy wrath!!
You die...
Rupert roars with triumph.

#...##.#+...#.........
#.....................
#.....................
#P....................
##..................
##..P.............
#..P###+#.#.....#
##..##..###.....##
#.#.@#.###.....%#
#.###@..##......# ...
#..'.D.....# ##.#
######.....## #.#
#.......# #.#
#......## ...
........#
.............
...............


You could see Rupert (berserk) and a seven-headed hydra.

Vanquished Creatures
  A hydra (Lair:2)
  A catoblepas (Lair:2)
  A two-headed ogre (D:10)
  2 boulder beetles
  A death yak (Lair:1)
  An orc knight (D:10)
  Maurice (D:8)
  An oklob plant (D:9)
  A black mamba (Lair:1)
  4 cane toads
  2 komodo dragons
  Psyche (D:8)
  2 trolls (D:10)
  3 blink frogs (Lair:1)
  6 yaks
  2 wraiths
  6 wyverns
  4 water moccasins
  A black bear (D:6)
  An orc warrior (D:8)
  A sky beast (D:8)
  An ice beast (D:5)
  4 ogres
  5 wolves (Lair:2)
  2 phantoms
  2 centaurs (D:9)
  2 kobold brigands
  4 scorpions
  6 bullfrogs
  18 wights
  17 killer bees
  5 howler monkeys
  2 electric eels (Lair:2)
  2 bombardier beetles (D:5)
  4 hounds
  10 jellies
  2 orc priests
  A sleepcap (D:8)
  2 gnoll boudas
  5 orc wizards
  4 iguanas
  8 gnolls
  8 adders
  A shadow imp (D:8)
  A white imp (D:6)
  A dart slug (D:3)
  2 ribbon worms (D:3)
  37 orcs
  5 ball pythons
  3 bats (D:3)
  17 endoplasms
  3 giant cockroaches
  11 goblins
  3 hobgoblins
  2 jackals (D:1)
  16 kobolds
  A quokka (D:4)
  4 frilled lizards
  2 rats
266 creatures vanquished.

Notes
Turn   | Place    | Note
-------+----------+-------------------------------------------
     0 | D:1      | DemonSlayer the Demonspawn Earth Elementalist began the
                  | quest for the Orb.
     0 | D:1      | Reached XP level 1. HP: 13/13 MP: 3/3
   241 | D:1      | Gained mutation: You are partially covered in rugged brown
                  | scales. (AC +1, +3% HP) [demonic ancestry]
   241 | D:1      | Reached XP level 2. HP: 13/19 MP: 1/5
   471 | D:1      | Gained mutation: Spells you cast may paralyse adjacent
                  | enemies. [demonic ancestry]
   471 | D:1      | Reached XP level 3. HP: 20/24 MP: 0/6
   885 | D:1      | Learned a level 3 spell: Stone Arrow
  1196 | D:2      | Reached skill level 2 in Stealth
  1243 | D:2      | Found a shadowy altar of Dithmenos.
  1991 | D:3      | Reached XP level 4. HP: 30/30 MP: 4/7
  2156 | D:3      | Noticed a +0 spear
  2157 | D:3      | Noticed a +0 dagger
  2158 | D:3      | Noticed a +0 dagger
  2160 | D:3      | Noticed a +0 short sword
  2160 | D:3      | Noticed a +0 falchion
  2160 | D:3      | Noticed a +0 short sword
  2161 | D:3      | Noticed a +0 spear
  2161 | D:3      | Noticed a +0 falchion
  2170 | D:3      | Found a hide-covered altar of Uskayaw.
  2653 | D:3      | Learned a level 4 spell: Petrify
  2711 | D:4      | Gained mutation: Spells you cast may paralyse nearby
                  | enemies. [demonic ancestry]
  2711 | D:4      | Reached XP level 5. HP: 36/36 MP: 6/9
  2853 | D:4      | Found a broken altar of Ashenzari.
  3703 | D:4      | Learned a level 3 spell: Passwall
  3746 | D:5      | Entered Level 5 of the Dungeon
  3786 | D:5      | Reached skill level 3 in Stealth
  3802 | D:5      | Reached XP level 6. HP: 21/43 MP: 6/11
  3994 | D:5      | Gained mutation: Your demonic aura sometimes causes spilled
                  | blood to erupt in flames. [demonic ancestry]
  3994 | D:5      | Reached XP level 7. HP: 39/48 MP: 9/13
  4050 | D:5      | Reached skill level 1 in Short Blades
  4556 | D:5      | Reached skill level 5 in Spellcasting
  4617 | D:5      | Reached skill level 4 in Stealth
  4741 | D:5      | Reached skill level 5 in Earth Magic
  4744 | D:5      | Reached skill level 1 in Fighting
  4801 | D:5      | Found an opulent altar of Gozag.
  4801 | D:5      | Found an iron altar of Okawaru.
  4951 | D:5      | Learned a level 4 spell: Brom's Barrelling Boulder
  5237 | D:6      | Gained mutation: You are mostly covered in rugged brown
                  | scales. (AC +2, +5% HP) [demonic ancestry]
  5237 | D:6      | Reached XP level 8. HP: 40/56 MP: 12/16
  5356 | D:6      | Reached skill level 5 in Stealth
  5562 | D:6      | Found Gamewnax's Book Emporium.
  6464 | D:7      | Reached skill level 6 in Stealth
  6464 | D:7      | Reached XP level 9. HP: 61/61 MP: 11/19
  6572 | D:7      | Found a staircase to the Ecumenical Temple.
  6590 | Temple   | Entered the Ecumenical Temple
  6603 | Temple   | Became a worshipper of Dithmenos the Shadowed
  7265 | D:8      | Noticed Maurice
  7267 | D:8      | Noticed Psyche
  7270 | D:8      | Killed Maurice
  7278 | D:8      | Killed Psyche
  7837 | D:8      | Reached skill level 7 in Stealth
  7954 | D:8      | Found a bloodstained altar of Trog.
  8175 | D:8      | Reached * piety under Dithmenos
  8443 | D:8      | Gained mutation: You have large cloven feet. [demonic
                  | ancestry]
  8443 | D:8      | Reached XP level 10. HP: 69/69 MP: 18/22
  8771 | D:8      | Found a hazy altar of Hepliaklqana.
  8929 | D:9      | Reached ** piety under Dithmenos
  9850 | D:9      | Noticed an oklob plant
  9868 | D:9      | Reached skill level 8 in Stealth
 10077 | D:9      | Killed an oklob plant
 10274 | D:10     | Entered Level 10 of the Dungeon
 10437 | D:10     | Noticed an orc knight
 10437 | D:10     | Noticed a boulder beetle
 10449 | D:10     | Killed an orc knight
 10449 | D:10     | Reached *** piety under Dithmenos
 10455 | D:10     | Killed a boulder beetle
 10629 | D:10     | Identified the blade talisman of Agnosticism {rF- Dex+6
                  | SInv}
 10753 | D:10     | Found a staircase to the Orcish Mines.
 10824 | D:10     | Gained mutation: You are completely covered in rugged brown
                  | scales. (AC +3, +7% HP) [demonic ancestry]
 10824 | D:10     | Reached XP level 11. HP: 70/77 MP: 24/24
 10875 | D:10     | Noticed a two-headed ogre
 10877 | D:10     | Killed a two-headed ogre
 10878 | D:10     | Reached skill level 5 in Conjurations
 10885 | D:10     | Found Vyeluokk's Assorted Antiques.
 10917 | D:10     | Found a staircase to the Lair.
 11022 | D:10     | Reached skill level 9 in Stealth
 11058 | D:10     | Reached skill level 1 in Armour
 11301 | Lair:1   | Entered Level 1 of the Lair of Beasts
 11301 | Lair:1   | Noticed a boulder beetle
 11329 | Lair:1   | Killed a boulder beetle
 11720 | Lair:1   | Noticed a death yak
 11722 | Lair:1   | Noticed a death yak
 11732 | Lair:1   | Noticed a death yak
 11733 | Lair:1   | Noticed a death yak
 11735 | Lair:1   | Noticed a death yak
 11736 | Lair:1   | Killed a death yak
 11898 | Lair:2   | Noticed a catoblepas
 11904 | Lair:2   | Reached skill level 10 in Stealth
 11916 | Lair:2   | Killed a catoblepas
 12317 | Lair:2   | Found a staircase to the Snake Pit.
 12387 | Lair:2   | Noticed an eight-headed hydra
 12393 | Lair:2   | Killed an eight-headed hydra
 12725 | Lair:2   | Found a staircase to the Swamp.
 12899 | Lair:3   | Gained mutation: Spells you cast and wands you use may
                  | paralyse nearby enemies. [demonic ancestry]
 12899 | Lair:3   | Reached XP level 12. HP: 86/86 MP: 25/25
 12954 | Lair:3   | Noticed Rupert
 12963 | Lair:3   | Noticed a seven-headed hydra
 12975 | Lair:3   | Demolished by Rupert

Illustrated notes

Levels and vault maps discovered:
D:1:      erik_arrival_triangle_medium, layout_basic
D:2:      layout_loops_corners, basic_altar
D:3:      layout_rooms, nicolae_uskayaw_en_pointe, eino_tiny_chamber
D:4:      layout_loops_corners, mainiacjoe_overflow_small_starburst
D:5:      layout_basic, gammafunk_temple_overflow_wave
D:6:      layout_basic, serial_shops,
          nicolae_shop_temple_entry_statues_fountains
D:7:      layout_loops_ring, mainiacjoe_overflow_catwalk, temple_fountains
D:8:      layout_cave_pods, nicolae_hepliaklqana_hippocampus,
          mainiacjoe_overflow_brackets, special_room [special_room_orc],
          uniq_psyche, uniq_maurice
D:9:      lemuel_slime, layout_irregular_city
D:10:     kennysheep_big_flooded_room, layout_loops_ring, david_lair_shrubbed,
          serial_shops, shop, st_stairs_9, minmay_between
Temple:   regret_index_temple_waves
Lair:1:   layout_gridlike, grunt_megastairs_2
Lair:2:   layout_regular_city, swamp_mist, dummy_snake_entry,
          dreamdust_gnoll_shepherd, serial_bayou_shore_b, grunt_megastairs_4,
          serial_bayou_shore_a, infiniplex_staircase_pool_2, lemuel_fruit_tree
Lair:3:   layout_regular_city, uniq_gastronok, uniq_rupert, uniq_sonja

Skill      XL: |  1  2  3  4  5  6  7  8  9 10 11 12 |
---------------+-------------------------------------+-----
Dodging        | 2 3 4 |  4.4
Earth Magic    | 3 4 5 6 7 8 |  8.7
Stealth        | 2 3 4 6 7 8 10 | 10.2
Spellcasting   | 3 4 5 6 8 9 |  9.8
Short Blades   | 1 3 4 |  4.3
Fighting       | 1 2 3 |  3.0
Conjurations   | 3 4 5 6 |  6.0
Armour         | 2 |  2.6
Throwing       | |  0.6
Evocations     | |  0.8

Action                     |  1- 3 |  4- 6 |  7- 9 | 10-12 || total
---------------------------+-------+-------+-------+-------++-------
  Melee: Unarmed           |     5 |       |       |       ||     5
         Dagger            |    14 |    29 |    25 |       ||    68
         Punch             |       |     1 |       |       ||     1
         Short sword       |       |       |    22 |   127 ||   149
  Throw: Throwing net      |       |       |       |     5 ||     5
   Cast: Sandblast         |    45 |    52 |    60 |    14 ||   171
         Stone Arrow       |       |       |    46 |   120 ||   166
  Evoke: Wand              |       |       |     1 |    11 ||    12
    Use: Potion            |     1 |       |       |     3 ||     4
         Scroll            |       |     5 |    11 |     6 ||    22
   Stab: Sleeping          |     5 |     5 |     6 |    14 ||    30
         Paralysed         |     3 |    12 |    31 |    33 ||    79
         Held in net/web   |       |       |       |     3 ||     3
 Armour: Robe              |    27 |    28 |    41 |    28 ||   124
         Troll leather arm |       |       |       |    48 ||    48
  Dodge: Dodged            |    17 |    25 |    49 |    97 ||   188
